AoeStats
← CovidBryan

Arabia

510580844Analyzed
2v2 RM · 23h ago on Oct 1, 2026· 33m 10s· 4 players
Game mode
Random Map
Map size
Medium (4 player)
Population
200
Speed
Normal
Resources
Standard
Victory
Conquest
Starting age
Dark Age
Ending age
Imperial Age
RankedLock teamsTeams togetherTeam positionsShared explorationLock speedFull tech treeHidden civsTurbo modeCheats
Victory
Defeat
🇪🇸 Vietnamese · Spain
1203
+13
🇪🇸 Bulgarians · Spain
1183
+14
🇦🇷 Persians · Argentina
1143
-14
🇦🇷 Varangians · Argentina
1127
-13
sergiwhitehouse
6:36 Loom
9:43 Feudal Age
10:14 Double-Bit Axe
14:38 Gold Mining
19:19 Castle Age
17:23 Horse Collar
18:11 Fletching
18:22 Padded Archer Armor
20:49 Wheelbarrow
20:28 Bow Saw
20:09 Crossbowman
20:59 Heavy Plow
21:02 Bodkin Arrow
22:52 Leather Archer Armor
23:34 Stone Mining
25:07 Ballistics
24:58 Thumb Ring
26:33 Hand Cart
32:55 Imperial Age
CovidBryan
0:49 Loom
7:17 Loom
9:54 Feudal Age
10:20 Double-Bit Axe
17:34 Padded Archer Armor
19:41 Castle Age
18:26 Bloodlines
18:22 Fletching
18:43 Forging
18:39 Scale Barding Armor
20:49 Chain Barding Armor
24:14 Iron Casting
24:01 Bow Saw
29:10 Gold Mining
29:10 Stone Mining
John_Salchichon
0:35 Loom
10:02 Feudal Age
11:15 Wheelbarrow
11:05 Double-Bit Axe
17:47 Horse Collar
19:49 Gold Mining
23:56 Castle Age
23:01 Scale Barding Armor
23:08 Forging
23:01 Stone Mining
23:35 Fletching
25:15 Bloodlines
26:32 Iron Casting
27:01 Chain Barding Armor
27:36 Heavy Plow
27:52 Husbandry
IzzyPizzy
6:51 Loom
8:59 Feudal Age
9:27 Double-Bit Axe
9:24 Horse Collar
14:12 Bloodlines
16:53 Wheelbarrow
19:46 Castle Age
18:15 Stone Mining
18:38 Scale Barding Armor
18:41 Gold Mining
21:34 Forging
21:15 Fletching
22:04 Bow Saw
30:18 Chain Barding Armor
30:00 Bodkin Arrow
Connection lost

Rejoining the realm…

Still unreachable

The connection could not be restored.

Session expired

The server has moved on; the page needs a fresh start.